[Event "Team 45 45 League T60"]
[Site "Internet Chess Club"]
[Date "2014.03.29"]
[Round "5"]
[White "arhrid"]
[Black "BigH"]
[Result "0-1"]
[WhiteElo "1790"]
[BlackElo "2139"]
[Opening "French: Tarrasch, Guimard main line"]
[ECO "C04"]
[Time "13:20:12"]
[TimeControl "2700+45"]

1. e4 e6 2. d4 d5 3. Nd2 Nc6 4. Ngf3 Nf6 5. e5 Nd7 6. c4 dxc4 7. Nxc4 Nb6 8.
Nxb6 axb6 9. a3 Ne7 10. Bd3 Bd7 11. O-O Ba4 12. b3 Bc6 13. Bb2 Nf5 14. Be2 Be7
15. Qd3 h5 16. Nd2 h4 17. Bf3 Bxf3 18. Qxf3 c6 19. Qe4 h3 20. g3 b5 21. a4 Bb4
22. Rfd1 Bxd2 23. Rxd2 Qd5 24. Qxd5 cxd5 25. axb5 Rxa1+ 26. Bxa1 Kd7 27. f3 Ra8
28. Bb2 Ra2 29. Rf2 Ne3 30. Rd2 Nf5 31. Rf2 Kc7 32. g4 Ne3 33. Rd2 Kb6 34. Bc3
Ra3 35. Rd3 Ng2 36. Bb4 Ra1+ 37. Kf2 Nf4 38. Re3 Ra2+ 39. Kg3 g5 40. Bd2 Rxd2
41. b4 Rg2# {White checkmated} 0-1

[Event "Team 45 45 League T60"]
[Site "Internet Chess Club"]
[Date "2014.03.29"]
[Round "5"]
[White "bondguy01"]
[Black "kidcobra"]
[Result "0-1"]
[WhiteElo "1744"]
[BlackElo "1850"]
[Opening "King's Indian: Averbakh system"]
[ECO "E73"]
[Time "14:04:09"]
[TimeControl "2700+45"]

1. d4 Nf6 2. c4 g6 3. Nc3 Bg7 4. e4 d6 5. Be2 O-O 6. Bg5 Nbd7 7. Qd2 e5 8. Nf3
Qe8 9. O-O exd4 10. Nxd4 Nc5 11. f3 Ne6 12. Be3 Nxd4 13. Bxd4 Nh5 14. Nd5 Qd8
15. Bxg7 Nxg7 16. Rad1 Be6 17. Nc3 f5 18. b4 b6 19. a3 Qe7 20. Nd5 Bxd5 21. exd5
Rfe8 22. Rfe1 Qe3+ 23. Qxe3 Rxe3 24. Bd3 Rae8 25. Rxe3 Rxe3 26. f4 Ne8 27. Kf2
Re7 28. g4 fxg4 29. Rg1 Nf6 30. Re1 Rxe1 31. Kxe1 Nh5 32. f5 Kf7 33. fxg6+ hxg6
34. Kf2 Kf6 35. Ke3 g3 36. hxg3 Nxg3 37. Kf4 Nh5+ 38. Kg4 Ng7 39. Kf4 Nf5 40.
Bxf5 gxf5 41. b5 Kg6 42. a4 Kf6 {White resigns} 0-1

[Event "Team 45 45 League T60"]
[Site "Internet Chess Club"]
[Date "2014.04.01"]
[Round "5"]
[White "elmaestro"]
[Black "zugknightly"]
[Result "0-1"]
[WhiteElo "1800"]
[BlackElo "1861"]
[Opening "Sicilian: Labourdonnais-Löwenthal (Kalashnikov) variation"]
[ECO "B32"]
[Time "14:03:48"]
[TimeControl "2700+45"]

1. e4 c5 2. Nf3 Nc6 3. d4 cxd4 4. Nxd4 e5 5. Nb5 d6 6. N1c3 a6 7. Na3 b5 8. Nd5
Nge7 9. Bg5 h6 10. Qh5 Be6 11. c4 Nd4 12. cxb5 hxg5 13. Qxh8 Nxd5 14. exd5 Qa5+
15. Kd1 Bg4+ 16. f3 Nxf3 17. gxf3 Bxf3+ 18. Be2 Qa4+ 19. Nc2 Bxe2+ 20. Kxe2
Qxc2+ 21. Ke3 Qc5+ 22. Ke4 Qd4+ 23. Kf3 Qf4+ 24. Ke2 Rc8 25. Rhf1 Rc2+ 26. Kd3
Rd2+ 27. Kc3 Qd4+ 28. Kb3 Rxb2+ 29. Ka3 Qb4# {White checkmated} 0-1

[Event "Team 45 45 League T60"]
[Site "Internet Chess Club"]
[Date "2014.04.01"]
[Round "5"]
[White "latayvia"]
[Black "seattleblues"]
[Result "1-0"]
[WhiteElo "1691"]
[BlackElo "1462"]
[Opening "Bogo-Indian defense"]
[ECO "E11"]
[Time "21:06:55"]
[TimeControl "2700+45"]

1. d4 Nf6 2. c4 e6 3. Nf3 Bb4+ 4. Bd2 c5 5. Bxb4 cxb4 6. g3 b6 7. Bg2 Bb7 8. O-O
O-O 9. Nbd2 Nc6 10. e4 Ne7 11. Re1 Rc8 12. e5 Ne8 13. Qc2 d6 14. Ng5 Ng6 15.
Nxe6 fxe6 16. Bxb7 Rc7 17. Bg2 Rcf7 18. Re2 Qg5 19. f4 Qd8 20. Ne4 dxe5 21. dxe5
Qd4+ 22. Kh1 Qd8 23. Ng5 Re7 24. Rd1 Qc7 25. Red2 Rf5 26. Nxe6 {Black resigns}
1-0

[Event "Team 45 45 League T60"]
[Site "Internet Chess Club"]
[Date "2014.03.29"]
[Round "5"]
[White "chess09"]
[Black "primerpaso"]
[Result "1-0"]
[WhiteElo "1946"]
[BlackElo "1908"]
[Opening "QGD: Lasker defense"]
[ECO "D56"]
[Time "17:05:20"]
[TimeControl "2700+45"]

1. d4 Nf6 2. c4 e6 3. Nf3 d5 4. Nc3 Be7 5. Bg5 O-O 6. e3 h6 7. Bh4 Ne4 8. Bxe7
Qxe7 9. Bd3 Nxc3 10. bxc3 c5 11. O-O Nc6 12. Rb1 b6 13. e4 dxc4 14. Bxc4 Na5 15.
Bd3 Bb7 16. Qe2 Rfd8 17. Rfd1 Rac8 18. Rbc1 cxd4 19. cxd4 Qa3 20. Qd2 Qd6 21. h3
Rxc1 22. Qxc1 Rc8 23. Qb2 Qc7 24. Nd2 Qc3 25. Qxc3 Rxc3 26. Nb1 Rc8 27. Kf1 Kf8
28. Ke2 Ke7 29. f3 Nc6 30. Ke3 Nb4 31. a3 Nc2+ 32. Bxc2 Rxc2 33. g3 Ba6 34. Kf4
g5+ 35. Kg4 Kf6 36. h4 Kg6 37. hxg5 hxg5 38. d5 Bc8 39. f4 exd5+ 40. f5+ Kf6 41.
Rxd5 Bb7 42. e5+ Ke7 43. Rd3 Re2 44. Nc3 Rxe5 45. Kxg5 Bc6 46. Kf4 Ra5 47. g4
Kf8 48. Nd1 Kg7 49. Ne3 f6 50. Rc3 Rc5 51. Rxc5 bxc5 52. g5 fxg5+ 53. Kxg5 Bf3
54. f6+ Kf8 55. Kf5 Be2 56. Nd5 c4 57. Nf4 Bf1 58. Ke6 Bd3 59. f7 Bb1 60. Kf6
Bf5 61. Kxf5 Kxf7 62. Ke4 Ke7 63. Kd4 Kd6 64. Kxc4 Kc6 65. Nd3 Kb6 66. Kb4 Kc6
67. Ka5 Kb7 68. Kb5 Kc7 69. Ka6 Kb8 70. Nb4 Ka8 71. a4 Kb8 72. Nc6+ Ka8 73. Nxa7
Kb8 74. Nb5 Ka8 75. Nc7+ Kb8 76. Kb6 Kc8 77. a5 Kb8 78. a6 {Black resigns} 1-0

[Event "Team 45 45 League T60"]
[Site "Internet Chess Club"]
[Date "2014.03.27"]
[Round "5"]
[White "Nathan-L"]
[Black "Heian"]
[Result "1-0"]
[WhiteElo "1911"]
[BlackElo "1771"]
[Opening "English opening"]
[ECO "A20"]
[Time "18:33:36"]
[TimeControl "2700+45"]

1. c4 e5 2. e3 Nf6 3. d4 exd4 4. exd4 Bb4+ 5. Bd2 Qe7+ 6. Qe2 Bxd2+ 7. Nxd2
Qxe2+ 8. Bxe2 Nc6 9. Ngf3 O-O 10. O-O d5 11. c5 Bd7 12. Bb5 a6 13. Bxc6 Bxc6 14.
Rfe1 Rfe8 15. b4 Rxe1+ 16. Rxe1 Re8 17. Rxe8+ Bxe8 18. Kf1 Bb5+ 19. Ke1 Kf8 20.
Nb1 Ne4 21. Nfd2 Nxd2 22. Kxd2 Bf1 23. g3 Ke7 24. Nc3 Ke6 25. Ke3 f6 26. h4 Bc4
27. a4 Bb3 28. Kf4 h6 29. Kg4 g6 30. Kf3 Bc2 31. Ke3 Bb3 32. b5 Bc4 33. bxa6
Bxa6 34. Na2 c6 35. Nc3 Kf5 36. a5 Kg4 37. Na4 g5 38. Nb6 gxh4 39. gxh4 Kxh4 40.
Kf4 h5 41. Nd7 Kh3 42. Nxf6 Kg2 43. Nxh5 Kxf2 44. Ke5 Ke3 45. Nf4 Kd2 46. Kd6
Kc3 47. Ne6 Kb4 48. Kc7 Kxa5 49. Nd8 Kb4 50. Nxb7 Bb5 51. Nd8 Kc4 52. Nxc6 Bxc6
53. Kxc6 Kxd4 54. Kb6 Ke3 55. c6 d4 56. c7 d3 57. c8=Q d2 58. Qg4 Kd3 59. Qd1
Kc3 60. Kb5 Kd3 61. Kb4 {Black resigns} 1-0

[Event "Team 45 45 League T60"]
[Site "Internet Chess Club"]
[Date "2014.03.28"]
[Round "5"]
[White "Visin"]
[Black "tamtu"]
[Result "0-1"]
[WhiteElo "1308"]
[BlackElo "1827"]
[Opening "Sicilian: Najdorf, 6...e6"]
[ECO "B95"]
[Time "03:00:54"]
[TimeControl "2700+45"]

1. e4 c5 2. Nf3 d6 3. d4 cxd4 4. Nxd4 Nf6 5. Nc3 a6 6. Bg5 e6 7. Bxf6 Qxf6 8. a3
Bd7 9. Be2 Nc6 10. Nxc6 Bxc6 11. Bf3 Be7 12. O-O O-O 13. Qe2 Rac8 14. Rfe1 Bd8
15. Qe3 Ba5 16. b4 Bb6 17. Qxb6 Qxc3 18. Re3 Qxa1+ {White resigns} 0-1

[Event "Team 45 45 League T60"]
[Site "Internet Chess Club"]
[Date "2014.03.29"]
[Round "5"]
[White "dabodhi"]
[Black "pcvan"]
[Result "1/2-1/2"]
[WhiteElo "1416"]
[BlackElo "1430"]
[Opening "Scotch gambit: Dubois-Réti defense"]
[ECO "C55"]
[Time "18:02:39"]
[TimeControl "2700+45"]

1. e4 e5 2. Nf3 Nc6 3. d4 exd4 4. Bc4 Nf6 5. e5 d5 6. Bb5 Ne4 7. Nxd4 Bd7 8. e6
fxe6 9. Bxc6 bxc6 10. Qh5+ g6 11. Qe5 Qf6 12. Qxf6 Nxf6 13. Bf4 Rc8 14. O-O Bg7
15. Be5 O-O 16. f3 Ne8 17. Re1 Bxe5 18. Rxe5 Rf6 19. Nc3 Nd6 20. b3 Nf5 21. Nde2
Rb8 22. a3 Nh4 23. Kf2 Rbf8 24. Ng1 Rf5 25. Rxf5 Nxf5 26. Na4 Nd4 27. Rc1 Kf7
28. Nc5 Bc8 29. Nh3 Ke7 30. Ng5 h6 31. Nh3 Kd6 32. b4 Nb5 33. a4 Na3 34. c3 Nc4
35. Rd1 Ne5 36. Rd4 Nd7 37. Nd3 c5 38. bxc5+ Nxc5 39. Nxc5 Kxc5 40. Rb4 Ba6 41.
Ke3 d4+ 42. Rxd4 Rf5 43. Nf2 Re5+ 44. Ne4+ Kb6 45. Rb4+ Kc6 46. f4 Rd5 47. Rd4
Rxd4 48. Kxd4 Bf1 49. g3 Kb6 50. Nc5 Bh3 51. Nd7+ Ka5 52. Nc5 Bf5 53. Kc4 c6 54.
Kb3 h5 55. Nb7+ Kb6 56. Nd6 Bg4 57. Kc4 Bd1 58. Kb4 c5+ 59. Ka3 Ka5 60. Nb7+ Kb6
61. Nd8 Bg4 {Game drawn by mutual agreement} 1/2-1/2

[Event "Team 45 45 League T60"]
[Site "Internet Chess Club"]
[Date "2014.03.29"]
[Round "5"]
[White "PsyMar"]
[Black "WzeroMN"]
[Result "1/2-1/2"]
[WhiteElo "1308"]
[BlackElo "1140"]
[Opening "Scotch game"]
[ECO "C45"]
[Time "11:01:17"]
[TimeControl "2700+45"]

1. e4 e5 2. Nf3 Nc6 3. d4 exd4 4. Nxd4 Nxd4 5. Qxd4 d6 6. Bc4 Qf6 7. Be3 Qxd4 8.
Bxd4 Be6 9. Nd2 Bxc4 10. Nxc4 O-O-O 11. Rd1 Nf6 12. e5 dxe5 13. Nxe5 Re8 14. O-O
Kb8 15. Nxf7 Rg8 16. Ng5 h6 17. Nf3 Bd6 18. Rfe1 Rxe1+ 19. Rxe1 c5 20. Be3 Nd5
21. Kf1 Nxe3+ 22. fxe3 Rf8 23. h3 Bg3 24. Re2 Kc7 25. e4 Kd6 26. Rd2+ Kc7 27.
Ke2 Rd8 28. Ke3 Rxd2 29. Nxd2 Kd6 30. Nc4+ Ke6 31. a4 a6 32. Kf3 Bc7 33. Kg4 g6
34. Kh4 Bd8+ 35. Kg4 Bc7 36. c3 Bd8 37. Kf4 Bg5+ 38. Kf3 b5 {Game drawn by
mutual agreement} 1/2-1/2

[Event "Team 45 45 League T60"]
[Site "Internet Chess Club"]
[Date "2014.03.31"]
[Round "5"]
[White "TwinsburgOHUSA"]
[Black "BrerRabbit"]
[Result "1/2-1/2"]
[WhiteElo "1531"]
[BlackElo "1468"]
[Opening "Réti opening"]
[ECO "A04"]
[Time "19:04:10"]
[TimeControl "2700+45"]

1. Nf3 d6 2. g3 e5 3. e4 Bg4 4. Bg2 Nf6 5. d4 exd4 6. Qxd4 Nc6 7. Qa4 Qd7 8. O-O
Be7 9. Re1 Ne5 10. Qxd7+ Nfxd7 11. Nxe5 Nxe5 12. Nd2 O-O 13. b3 Rfe8 14. Bb2
Rad8 15. h3 Bd7 16. Rad1 Bf6 17. f4 Nf3+ 18. Nxf3 Bxb2 19. a4 Bc6 20. Nd4 Bxd4+
21. Rxd4 f5 22. e5 Bxg2 23. Kxg2 Re6 24. Re2 Rde8 25. Kf3 Kf8 26. g4 g6 27. Rd3
{Game drawn by mutual agreement} 1/2-1/2

[Event "Team 45 45 League T60"]
[Site "Internet Chess Club"]
[Date "2014.03.30"]
[Round "5"]
[White "Invicta-Knight"]
[Black "g8wrb"]
[Result "1-0"]
[WhiteElo "1447"]
[BlackElo "1326"]
[Opening "Vienna: Falkbeer variation"]
[ECO "C26"]
[Time "14:00:42"]
[TimeControl "2700+45"]

1. e4 Nf6 2. Nc3 e5 3. d4 Nc6 4. dxe5 Nxe5 5. Bg5 Bc5 6. f4 Neg4 7. Nh3 Be7 8.
e5 Ne3 9. Qd3 Nfg4 10. Nd5 Nxd5 11. Qxd5 Bxg5 12. Nxg5 O-O 13. h3 Ne3 14. Qd3
Nxc2+ 15. Qxc2 g6 16. O-O-O d5 17. g4 c6 18. Bd3 f6 19. Nxh7 Kxh7 20. Bxg6+ Kg7
21. Bh5 f5 22. gxf5 Rxf5 23. Qg2+ Kf8 24. Qg6 Rxf4 25. Qh6+ {Black resigns} 1-0

[Event "Team 45 45 League T60"]
[Site "Internet Chess Club"]
[Date "2014.03.30"]
[Round "5"]
[White "HorseRadish"]
[Black "rkaebi"]
[Result "0-1"]
[WhiteElo "1497"]
[BlackElo "1412"]
[Opening "French defense"]
[ECO "C00"]
[Time "14:04:50"]
[TimeControl "2700+45"]

1. e4 e6 2. g3 d5 3. exd5 exd5 4. Bg2 Nf6 5. d3 Bc5 6. Nf3 Qe7+ 7. Qe2 Qxe2+ 8.
Kxe2 O-O 9. d4 Bb6 10. Re1 Bg4 11. Kf1 Nc6 12. c3 h6 13. Bf4 Nd8 14. Na3 c6 15.
Be5 Ne6 16. Bxf6 gxf6 17. Nc2 a5 18. Ne3 Bh5 19. Nh4 Rfe8 20. Nef5 Kh7 21. Bh3
Bc7 22. f4 Bg6 23. Bg2 Bxf5 24. Nxf5 Kg6 25. Nh4+ Kh7 26. Re2 Ng7 27. Rae1 Rxe2
28. Rxe2 Re8 29. Rxe8 Nxe8 30. Ke2 Nd6 31. Kd3 b5 32. b3 Kg8 33. Bh3 Bb6 34. Nf5
Nxf5 35. Bxf5 b4 36. Bd7 c5 37. Bc6 bxc3 38. Kxc3 cxd4+ 39. Kd3 Kg7 40. f5 h5
41. Bxd5 Kf8 42. Kc4 Ke7 43. a3 Kd6 44. Bxf7 Ke5 45. Bxh5 Kxf5 46. Be2 Kg5 47.
h4+ Kh6 48. g4 Kg6 49. Bd3+ Kh6 50. Kb5 Bc7 51. b4 axb4 52. axb4 Bg3 53. h5 Be5
54. Kc6 Kg5 55. Be2 f5 56. h6 fxg4 57. b5 Kxh6 58. b6 g3 59. Bf3 d3 60. b7 d2
61. Kd7 g2 62. Bxg2 d1=Q+ {White resigns} 0-1

[Event "Team 45 45 League T60"]
[Site "Internet Chess Club"]
[Date "2014.03.29"]
[Round "5"]
[White "otib2014"]
[Black "medsurg"]
[Result "0-1"]
[WhiteElo "1354"]
[BlackElo "1327"]
[Opening "Queen's pawn game"]
[ECO "D04"]
[Time "17:00:42"]
[TimeControl "2700+45"]

1. d4 d5 2. Nf3 Nf6 3. e3 Bg4 4. Bd3 e6 5. Nbd2 c5 6. c3 Nc6 7. O-O Be7 8. Qe2
O-O 9. e4 cxd4 10. c4 dxe4 11. Nxe4 Nb4 12. a3 Nxd3 13. Qxd3 Nxe4 14. Qxe4 Bxf3
15. Qxf3 Qb6 16. Qg3 Bf6 17. b4 e5 18. Bg5 Bxg5 19. Qxg5 f6 20. Qf5 Rad8 21. Qe4
d3 22. Rfd1 Rd4 23. Qf5 Rf4 24. Qxd3 Qxf2+ 25. Kh1 Rd4 26. Qf1 Qxf1+ 27. Rxf1
Rxc4 28. Rfc1 Rfc8 29. Rd1 R8c7 30. h3 Kf7 31. Rd8 e4 32. Kg1 e3 33. Kf1 Rc2 34.
Rd3 Rf2+ 35. Kg1 Rd2 36. Rxe3 Rcc2 37. Rg3 g6 38. Rf1 f5 39. h4 Kf6 40. Rff3 Rc4
41. Rh3 Rdd4 42. h5 g5 43. Rc3 Rd1+ 44. Kh2 Rcd4 45. Rc7 Rd7 46. Rc8 g4 47. Rhc3
Kg5 48. R8c7 Kxh5 49. Kg3 Kg5 50. Rc8 f4+ 51. Kh2 g3+ 52. Rxg3+ fxg3+ 53. Kxg3
R1d3+ 54. Kf2 Rxa3 55. Rg8+ Kf6 56. Rf8+ Kg7 57. Rc8 Rd2+ 58. Ke1 Rb2 59. Rc1
Rxb4 60. Rc7+ Kf6 61. Rxh7 Rb2 62. Rd7 Rxg2 63. Kf1 Rb2 64. Ke1 Ra1+ 65. Rd1
Rxd1+ 66. Kxd1 a5 67. Kc1 Rb6 68. Kc2 a4 69. Kd3 a3 70. Ke4 a2 71. Kd5 a1=Q 72.
Kc5 Rc6+ 73. Kd5 Qe5# {White checkmated} 0-1

[Event "Team 45 45 League T60"]
[Site "Internet Chess Club"]
[Date "2014.03.27"]
[Round "5"]
[White "SirIvanhoe"]
[Black "QuieroAprender"]
[Result "1-0"]
[WhiteElo "1629"]
[BlackElo "1701"]
[Opening "Bishop's opening: Berlin defense"]
[ECO "C24"]
[Time "19:03:05"]
[TimeControl "2700+45"]

1. e4 e5 2. Bc4 Nf6 3. d3 c6 4. Nf3 d5 5. Bb3 Bb4+ 6. Bd2 dxe4 7. Ng5 Bxd2+ 8.
Qxd2 O-O 9. Nxe4 Nd5 10. Nbc3 Be6 11. Nc5 Nf4 12. Nxe6 fxe6 13. g3 Nd5 14. Ne4
Nd7 15. O-O-O a5 16. a3 b5 17. c4 a4 18. Ba2 N5b6 19. cxb5 cxb5 20. Bxe6+ Kh8
21. Qb4 Rc8+ 22. Kb1 Qe8 23. Bxd7 Qxd7 24. Qd6 Qxd6 25. Nxd6 Rcd8 26. Ne4 Rd4
27. Rhe1 Kg8 28. Re3 Rxe4 29. Rxe4 Rxf2 30. Rxe5 Rxh2 31. Rf1 h5 32. Rxb5 Nd7
33. Rd5 Nf6 34. Rd4 Ng4 35. Rxa4 Ne3 36. Rg1 Rd2 37. Rd4 Nd1 38. Kc1 {Black
resigns} 1-0

[Event "Team 45 45 League T60"]
[Site "Internet Chess Club"]
[Date "2014.03.29"]
[Round "5"]
[White "Leon13"]
[Black "houseofcook"]
[Result "0-1"]
[WhiteElo "1345"]
[BlackElo "1507"]
[Opening "French: Steinitz variation"]
[ECO "C11"]
[Time "11:02:17"]
[TimeControl "2700+45"]

1. e4 e6 2. d4 d5 3. Nc3 Nf6 4. e5 Nfd7 5. Nf3 c5 6. Bb5 a6 7. Bxd7+ Bxd7 8. Be3
cxd4 9. Qxd4 Nc6 10. Qd2 Qc7 11. Bf4 Qb6 12. O-O Be7 13. Be3 Qc7 14. Bf4 Qb6 15.
Rfe1 O-O 16. Ne2 Rfd8 17. b3 f6 18. exf6 Bxf6 19. Rab1 Be7 20. Nfd4 Bc5 21. Be3
e5 22. Nxc6 Qxc6 23. Bg5 Rf8 24. Rf1 Rf7 25. Nc3 Raf8 26. Bh4 Be6 27. Rbd1 Bd4
28. Ne2 Bb6 29. Bg3 Rf5 30. Nc3 Bd4 31. Na4 b5 32. c3 Ba7 33. Nb2 e4 34. c4 d4
35. Kh1 e3 36. Qc2 exf2 37. Bxf2 d3 38. Nxd3 Bxf2 39. cxb5 Qxc2 {White resigns}
0-1

[Event "Team 45 45 League T60"]
[Site "Internet Chess Club"]
[Date "2014.03.30"]
[Round "5"]
[White "Gilguli"]
[Black "Andaluz"]
[Result "1-0"]
[WhiteElo "1422"]
[BlackElo "1264"]
[Opening "Caro-Kann defense"]
[ECO "B15"]
[Time "15:06:07"]
[TimeControl "2700+45"]

1. e4 c6 2. d4 d5 3. Nc3 Nf6 4. e5 Ne4 5. Nxe4 dxe4 6. Bc4 e6 7. Qg4 Qxd4 8. Bb3
Qxe5 9. Ne2 h5 10. Qh4 Be7 11. Qh3 Nd7 12. c3 Nf6 13. Bf4 Qb5 14. Qg3 h4 15.
Qxg7 Rh7 16. Qg5 Nd5 17. Qg8+ {Black resigns} 1-0

[Event "Team 45 45 League T60"]
[Site "Internet Chess Club"]
[Date "2014.03.29"]
[Round "5"]
[White "Kandor"]
[Black "semperfi"]
[Result "1-0"]
[WhiteElo "1279"]
[BlackElo "1343"]
[Opening "French defense"]
[ECO "C00"]
[Time "15:00:46"]
[TimeControl "2700+45"]

1. e4 e6 2. Nf3 d5 3. d3 dxe4 4. dxe4 Qxd1+ 5. Kxd1 Nf6 6. Nbd2 Bd6 7. e5 Ne4 8.
Nxe4 Be7 9. Bg5 Bb4 10. a3 Ba5 11. Bd2 Bb6 12. c4 c5 13. Nd6+ Kd7 14. Nxf7 Rf8
15. Nd6 Nc6 16. Bd3 h6 17. h4 Bc7 18. Nb5 Bxe5 19. Rb1 a6 20. Nc3 b6 21. Re1 Bf6
22. Re4 Bb7 23. Na4 Bd8 24. Ke1 Nd4 25. Nxd4 Bxe4 26. Bxe4 cxd4 27. Bxa8 Bc7 28.
Be4 e5 29. Ke2 {Black resigns} 1-0

[Event "Team 45 45 League T60"]
[Site "Internet Chess Club"]
[Date "2014.03.31"]
[Round "5"]
[White "Grenadier"]
[Black "misuc56"]
[Result "0-1"]
[WhiteElo "1632"]
[BlackElo "1841"]
[Opening "Sicilian: closed"]
[ECO "B23"]
[Time "20:00:23"]
[TimeControl "2700+45"]

1. e4 c5 2. Nc3 d6 3. f4 Nc6 4. Nf3 g6 5. Bc4 Bg7 6. O-O a6 7. d3 Bd7 8. Bd2 b5
9. Bd5 Rb8 10. a3 e6 11. Ba2 b4 12. axb4 Nxb4 13. Bb3 a5 14. e5 d5 15. Ba4 Ne7
16. Bxd7+ Qxd7 17. Rxa5 O-O 18. Kh1 Rfc8 19. b3 Nf5 20. g4 Nd4 21. Nxd4 cxd4 22.
Na4 Bf8 23. Bxb4 Bxb4 24. Ra6 Qb5 25. Ra7 Rb7 26. Rxb7 Qxb7 27. Rf2 Qe7 28. g5
h6 29. h4 Kg7 30. Qg4 Rh8 31. Kg2 Qd8 32. Kh3 Be7 33. Qf3 Qa5 34. Rf1 Qd2 35.
Rf2 Qc1 36. Kg2 Rc8 37. Qe2 Bb4 38. Rf1 Qxc2 39. Qxc2 Rxc2+ 40. Rf2 Rc6 41. Ra2
hxg5 42. fxg5 Rc1 43. Rf2 Rb1 44. Rb2 Rd1 45. Rf2 Rxd3 46. Nb2 Rxb3 47. Nd1 Rb1
48. Rf1 Ba5 49. Kf3 Rb3+ 50. Ke2 Rh3 51. Rf4 d3+ 52. Kf2 Rh1 53. Ne3 Bb6 54. Kg2
Rb1 55. Nf1 Rb2+ 56. Kf3 Bc7 57. Rd4 Bxe5 58. Rxd3 Rb4 59. Ne3 Rf4+ 60. Kg2 Rxh4
61. Kf3 Rf4+ 62. Kg2 Bd6 {White resigns} 0-1

[Event "Team 45 45 League T60"]
[Site "Internet Chess Club"]
[Date "2014.03.29"]
[Round "5"]
[White "Constrictor"]
[Black "bmw2002"]
[Result "1/2-1/2"]
[WhiteElo "1608"]
[BlackElo "1571"]
[Opening "Bird's opening"]
[ECO "A03"]
[Time "20:10:52"]
[TimeControl "2700+45"]

1. f4 d5 2. Nf3 Nf6 3. b3 c5 4. e3 Nc6 5. Bb5 Bd7 6. Bb2 a6 7. Bxc6 Bxc6 8. Ne5
Qc7 9. O-O e6 10. d3 O-O-O 11. Nd2 Nd7 12. Ndf3 Nxe5 13. Nxe5 f6 14. Nxc6 Qxc6
15. Qf3 Bd6 16. c4 dxc4 17. Qxc6+ bxc6 18. dxc4 Rd7 19. Rad1 Rhd8 20. Kf2 Be7
21. Ke2 Kc7 22. Rxd7+ Rxd7 23. Rd1 Bd6 24. Kf3 e5 25. fxe5 fxe5 26. e4 Rf7+ 27.
Ke2 Re7 28. Rf1 g6 29. Bc3 Kb6 30. Rf6 Bc7 31. Kf3 Bd8 32. Rf8 Bc7 33. Kg4 Rd7
34. Rf2 Rd3 35. Bb2 Re3 36. Kg5 Rxe4 37. g3 Re1 38. Kh6 e4 39. Kxh7 e3 40. Rf3
Re2 41. Bc3 Rxh2+ 42. Kxg6 e2 43. Re3 Rg2 44. Be1 Rg1 45. Bf2 Rg2 46. Be1 Rg1
47. Rxe2 Bxg3 48. Bxg3 Rxg3+ 49. Kf6 Rd3 50. Ke6 Ka5 51. Ke7 Kb6 52. Rb2 Ka5 53.
Rf2 Kb6 54. Rb2 a5 55. Ke6 Kc7 56. Ke5 Re3+ 57. Kf4 Rd3 58. Ke5 Kd7 59. Rh2 Kc7
60. Rb2 Rd4 61. Rc2 {Game drawn by mutual agreement} 1/2-1/2

[Event "Team 45 45 League T60"]
[Site "Internet Chess Club"]
[Date "2014.03.29"]
[Round "5"]
[White "GoIrish"]
[Black "WOLFSPELZ"]
[Result "0-1"]
[WhiteElo "1555"]
[BlackElo "1913"]
[Opening "Réti: King's Indian attack, Yugoslav variation"]
[ECO "A07"]
[Time "09:30:39"]
[TimeControl "2700+45"]

1. Nf3 d5 2. g3 Bg4 3. Bg2 c6 4. O-O Nf6 5. d3 Nbd7 6. h3 Bh5 7. Bf4 Bg6 8. g4
e6 9. Nbd2 Be7 10. Qe1 O-O 11. Nh4 Nxg4 12. Nxg6 fxg6 13. Bg3 Nh6 14. e4 Nf6 15.
e5 Nh5 16. Bh2 Nf4 17. d4 Nxg2 18. Kxg2 Qb6 19. Nb3 Nf5 20. c3 Nh4+ 21. Kh1 Nf3
22. Qe2 Rf7 23. Rab1 Nxh2 24. Kxh2 Raf8 25. Nc1 c5 26. Qd2 cxd4 27. cxd4 Rf3 28.
Nb3 Bh4 29. Kg2 Qd8 30. Nc5 Rxf2+ 31. Rxf2 Rxf2+ 32. Qxf2 Bxf2 33. Kxf2 Qh4+ 34.
Kg2 Kf7 35. Rf1+ Ke7 36. Nb3 Qe4+ 37. Kg1 b6 {White resigns} 0-1

[Event "Team 45 45 League T60"]
[Site "Internet Chess Club"]
[Date "2014.03.28"]
[Round "5"]
[White "lemanofzorn"]
[Black "BrerRabbit"]
[Result "1-0"]
[WhiteElo "1549"]
[BlackElo "1465"]
[Opening "Old Indian defense"]
[ECO "A42"]
[Time "19:00:44"]
[TimeControl "2700+45"]

1. d4 d6 2. c4 e5 3. dxe5 dxe5 4. Qxd8+ Kxd8 5. Nc3 Be6 6. e4 Nd7 7. Bg5+ f6 8.
Bh4 c6 9. O-O-O Kc7 10. Bd3 Nh6 11. Bg3 Bd6 12. Nge2 Nc5 13. b3 Rad8 14. Kc2 Nf7
15. f4 Bg4 16. f5 Nxd3 17. Rxd3 Ng5 18. Re1 Bc5 19. Rxd8 Rxd8 20. h3 Bh5 21. h4
Nf7 22. Na4 Bb4 23. Nec3 Nh6 24. c5 Nf7 25. Rg1 Rd4 26. Bf2 Rd8 27. g4 {Black
resigns} 1-0

[Event "Team 45 45 League T60"]
[Site "Internet Chess Club"]
[Date "2014.03.30"]
[Round "5"]
[White "jonesey"]
[Black "LittleButton"]
[Result "0-1"]
[WhiteElo "1896"]
[BlackElo "1928"]
[Opening "Sicilian: dragon, Yugoslav attack, Rauser variation"]
[ECO "B76"]
[Time "04:06:39"]
[TimeControl "2700+45"]

1. e4 c5 2. Nf3 d6 3. d4 cxd4 4. Nxd4 Nf6 5. Nc3 g6 6. Be3 Bg7 7. f3 Nc6 8. Qd2
O-O 9. O-O-O d5 10. exd5 Nxd5 11. Nxc6 bxc6 12. Bd4 e5 13. Bc5 Re8 14. Ne4 Be6
15. h4 h5 16. g4 Nf4 17. gxh5 Qxd2+ 18. Rxd2 Nxh5 19. Kb1 Bd5 20. Ba6 Bh6 21.
Rd3 Nf4 22. Nf6+ Kh8 23. Ra3 Red8 24. Bb7 Rab8 25. Be7 Bf8 26. Bxf8 Rxb7 27.
Nxd5 cxd5 28. Bc5 Rdb8 29. b3 Ra8 30. Ra6 Kg7 31. Be3 Ne6 32. h5 d4 33. h6+ Kh7
34. Bd2 Rb6 35. Ra5 f6 36. Rd5 Rd8 37. Ra5 a6 38. Ra4 Rc6 39. Rb4 Rd7 40. Rb8
Rdc7 41. Ba5 Rc8 42. Rb7+ Kh8 43. Rh2 d3 44. cxd3 Nc5 45. Rb6 Rxb6 46. Bxb6 Nxd3
47. Be3 f5 48. Bg5 f4 49. a4 Kh7 50. Rd2 Rc3 51. b4 e4 52. fxe4 f3 53. Be3 g5
54. Bd4 Rc1+ 55. Ka2 Nxb4+ 56. Kb2 Rc6 57. a5 Rxh6 58. Be3 Rg6 59. Rd7+ Rg7 60.
Rd6 Rb7 61. Bxg5 f2 62. Rf6 Nd5+ {White resigns} 0-1

[Event "Team 45 45 League T60"]
[Site "Internet Chess Club"]
[Date "2014.04.02"]
[Round "5"]
[White "latayvia"]
[Black "gcl"]
[Result "0-1"]
[WhiteElo "1676"]
[BlackElo "1732"]
[Opening "Réti: old Indian attack"]
[ECO "A00"]
[Time "19:00:32"]
[TimeControl "2700+45"]

1. d3 d5 2. Nf3 Nc6 3. g3 e5 4. Bg2 Nf6 5. O-O Be6 6. a3 Qd7 7. b4 Bd6 8. Bb2 e4
9. Bxf6 exf3 10. Bxf3 gxf6 11. d4 Bh3 12. Re1 Ne7 13. e4 dxe4 14. Bxe4 O-O-O 15.
c4 Ng6 16. Nc3 f5 17. Bh1 Bg4 18. f3 Bh3 19. c5 Bf8 20. Rc1 Bg7 21. d5 Bxc3 22.
Rxc3 Qxd5 23. Qxd5 Rxd5 24. c6 bxc6 25. Rxc6 Rd6 26. Rc5 Rhd8 27. Rcc1 f4 {White
resigns} 0-1

[Event "Team 45 45 League T60"]
[Site "Internet Chess Club"]
[Date "2014.03.29"]
[Round "5"]
[White "parrot9"]
[Black "rahulr"]
[Result "1/2-1/2"]
[WhiteElo "1686"]
[BlackElo "1595"]
[Opening "Alekhine's defense: modern variation, 4...Bg4"]
[ECO "B05"]
[Time "14:19:21"]
[TimeControl "2700+45"]

1. e4 Nf6 2. e5 Nd5 3. d4 d6 4. Nf3 Bg4 5. Be2 dxe5 6. dxe5 Nc6 7. O-O Ndb4 8.
Nbd2 Bf5 9. c3 Bc2 10. Qe1 Nd3 11. Bxd3 Bxd3 12. e6 Bxf1 13. exf7+ Kxf7 14. Ng5+
Ke8 15. Qe6 Qd6 16. Qf7+ Kd8 17. Nde4 Qd1 18. Ne6+ Kc8 19. Bf4 Qd5 20. Qe8+ Nd8
21. Rxf1 Qd7 22. Qxd7+ Kxd7 23. Nxc7 Rc8 24. Rd1+ Kc6 25. Nd5 Nf7 26. Nb4+ Kb6
27. Be3+ Kc7 28. Nd5+ Kb8 29. Nf4 Rd8 30. Re1 e5 31. Ne6 Re8 32. Nxf8 Rhxf8 33.
Bc5 Rg8 34. Nd6 Nxd6 35. Bxd6+ Kc8 36. Bxe5 Rgf8 37. Kf1 g6 38. f4 Kd7 39. g3 g5
40. Rd1+ Kc6 41. Kg2 gxf4 42. gxf4 Rd8 43. Rf1 Rd2+ 44. Rf2 Rfd8 45. Bd4 Rxf2+
46. Kxf2 a6 47. Kf3 Kd5 48. Ke3 Re8+ 49. Be5 Rg8 50. Kf3 Rg1 51. h4 h5 52. Bf6
{Game drawn by mutual agreement} 1/2-1/2